 Dungeon Crawl Stone Soup version 0.25-a0-464-g3004169c2b (webtiles) character file.

Game seed: 7848093422690864348, levelgen mode: deterministic

1286 Nattfarinn the Cudgeler (level 8, -1/70 HPs)
             Began as a Minotaur Berserker on Feb 4, 2020.
             Was an Elder of Trog.
             Slain by an orc priest
             ... wielding a +0 trident
              (3 damage)
             ... on level 6 of the Dungeon.
             The game lasted 00:07:01 (5117 turns).

Nattfarinn the Cudgeler (Minotaur Berserker)        Turns: 5117, Time: 00:07:02

Health: -1/70      AC: 10    Str: 29    XL:     8   Next: 30%
Magic:  7/7        EV: 12    Int:  9    God:    Trog [****..]
Gold:   234        SH:  4    Dex: 10    Spells: 7/7 levels left

rFire    + . .     SeeInvis .   A - +0 mace (protect)
rCold    + . .     Gourm    .   e - +0 buckler
rNeg     . . .     Faith    +   i - +0 scale mail
rPois    +         Spirit   .   (helmet restricted)
rElec    +         Reflect  .   f - +0 cloak
rCorr    +         Harm     .   s - +0 pair of gloves
MR       .....                  (no boots)
Stlth    ..........             r - amulet of faith
HPRegen  0.21/turn              n - ring of resist corrosion
MPRegen  0.10/turn              (no ring)

@: mighty, brilliant, resistant, flying
A: retaliatory headbutt, horns 2
a: Berserk, Trog's Hand, Brothers in Arms, Renounce Religion


You were on level 6 of the Dungeon.
You worshipped Trog.
Trog was greatly pleased with you.
You were not hungry.

You visited 1 branch of the dungeon, and saw 6 of its levels.

You collected 234 gold pieces.

Inventory:

Hand Weapons
 a - a +0 mace
 A - a +0 mace of protection (weapon)
Armour
 b - a +0 animal skin
 e - a +0 buckler (worn)
 f - a +0 cloak (worn)
 i - a +0 scale mail (worn)
 s - a +0 pair of gloves (worn)
Jewellery
 n - a ring of resist corrosion (left hand)
 r - an amulet of faith (around neck)
 C - a cursed ring of attention {unknown}
Wands
 o - a wand of flame (28)
Scrolls
 d - a scroll of random uselessness {unknown}
 j - 2 scrolls of fear {unknown}
 k - 2 scrolls of amnesia {unknown}
 m - 5 scrolls of fog {unknown}
 q - 3 scrolls of teleportation {unknown}
 t - 4 scrolls of identify {unknown}
 u - 3 scrolls of blinking {unknown}
 v - a scroll of enchant weapon {unknown}
 w - 2 scrolls of remove curse {unknown}
 y - a scroll of magic mapping {unknown}
 z - a scroll of enchant armour {unknown}
Potions
 g - 2 potions of might
 l - 2 potions of flight
Comestibles
 c - 10 rations
 p - 4 chunks of flesh


   Skills:
 + Level 5.7 Fighting
 * Level 7.4 Maces & Flails
 * Level 7.0 Armour
 + Level 4.6 Dodging
 + Level 4.1 Shields


You had 7 spell levels left.
You didn't know any spells.
Your spell library was empty.

Dungeon Overview and Level Annotations

Branches:
Dungeon (6/15)             Temple (0/1) D:4

Altars:
Elyvilon
Fedhas
Makhleb
Nemelex Xobeh
Okawaru
Sif Muna
Vehumet
Xom
The Shining One

Shops:
D:4 =

Annotations:
D:3 1 runed translucent door, Crazy Yiuf


Innate Abilities, Weirdness & Mutations

You reflexively headbutt those who attack you in melee.
You have a pair of horns on your head.


Message History

You feel clever all of a sudden.
You feel sick.
The iguana hisses angrily.
The orc hits you but does no damage. x2; You block the bullfrog's attack.
The orc priest begins to cast a cantrip, but forgets the words!
It was a potion of curing.
You feel better. The bullfrog hits you.
* * * LOW HITPOINT WARNING * * *
The orc closely misses you. You furiously retaliate!
You headbutt the orc!!
You kill the orc!
Trog accepts your kill. You block the orc's attack.
The orc hits you with a +0 falchion.
* * * LOW HITPOINT WARNING * * *
The bullfrog hits you but does no damage.
You closely miss the orc. The orc warrior barely misses you.
The bullfrog hits you.
* * * LOW HITPOINT WARNING * * *
The orc closely misses you. The orc hits you with a +0 war axe.
* * * LOW HITPOINT WARNING * * *
The orc priest hits you from afar with a +0 trident.
You die...

................ #
#........# #..##
#.####........## #...#
........รท.....## #...
#.###.##..........####..
...................###.
.##.#.##..............#.
......##o...............
.#5o@oo..............
#l##Fo.............. o.
#o.<............. #.
#oo.............. ..
................. #.
##................ .
#................
#........ #........


You could see 2 orc warriors, a bullfrog, an iguana, an orc priest, an orc
wizard, a shadow imp and 5 orcs.

Vanquished Creatures
  2 ice beasts
  3 ogres
  Blork the orc (D:4)
  A bullfrog (D:6)
  A scorpion (D:6)
  A crimson imp (D:4)
  A bullfrog skeleton (D:5)
  6 orc wizards
  An orc priest (D:3)
  A hound (D:4)
  Natasha (thrice) (D:2)
  3 worker ants
  A howler monkey zombie (D:5)
  Robin (D:4)
  8 adders
  A shadow imp (D:6)
  An adder zombie (D:5)
  An adder skeleton (D:5)
  2 worms
  2 dart slugs
  2 leopard geckos
  14 orcs
  A giant cockroach (D:4)
  14 goblins
  8 hobgoblins
  13 jackals
  5 quokkas
  5 ball pythons
  6 bats
  8 frilled lizards
  9 kobolds
  10 rats
136 creatures vanquished.

Vanquished Creatures (others)
  5 toadstools (D:1)
5 creatures vanquished.

Grand Total: 141 creatures vanquished

Notes
Turn   | Place    | Note
-------+----------+-------------------------------------------
     0 | D:1      | Nattfarinn the Minotaur Berserker began the quest for the
                  | Orb.
     0 | D:1      | Reached XP level 1. HP: 19/19 MP: 0/0
   319 | D:1      | Reached XP level 2. HP: 24/27 MP: 1/1
  1052 | D:1      | Reached XP level 3. HP: 33/33 MP: 2/2
  1081 | D:1      | Reached ** piety under Trog
  1455 | D:2      | Noticed Natasha
  1468 | D:2      | Killed Natasha
  1468 | D:2      | Reached skill level 1 in Shields
  1468 | D:2      | Reached XP level 4. HP: 19/40 MP: 3/3
  1971 | D:2      | Found a glowing golden altar of the Shining One.
  1992 | D:2      | Noticed Natasha
  1994 | D:2      | Killed Natasha
  2027 | D:2      | Found a blossoming altar of Fedhas.
  2029 | D:2      | Found a radiant altar of Vehumet.
  2029 | D:2      | Found a shimmering altar of Xom.
  2049 | D:2      | Noticed Natasha
  2057 | D:2      | Killed Natasha
  2057 | D:2      | Reached XP level 5. HP: 27/46 MP: 4/4
  2336 | D:3      | Reached skill level 5 in Maces & Flails
  2670 | D:3      | Found an iron altar of Okawaru.
  2963 | D:3      | Found a white marble altar of Elyvilon.
  2963 | D:3      | Reached *** piety under Trog
  3024 | D:3      | Found a runed translucent door.
  3025 | D:3      | Noticed Crazy Yiuf
  3096 | D:3      | Found a burning altar of Makhleb.
  3161 | D:3      | Found a shimmering blue altar of Sif Muna.
  3404 | D:4      | Found a staircase to the Ecumenical Temple.
  3449 | D:4      | Noticed Blork the orc
  3457 | D:4      | Killed Blork the orc
  3457 | D:4      | Reached XP level 6. HP: 53/53 MP: 5/5
  3483 | D:4      | Reached skill level 5 in Armour
  3842 | D:4      | Noticed Robin
  3858 | D:4      | Killed Robin
  3913 | D:4      | Reached XP level 7. HP: 60/60 MP: 6/6
  3939 | D:4      | Found Puijoc's Jewellery Shop.
  4214 | D:5      | Entered Level 5 of the Dungeon
  4229 | D:5      | Reached skill level 5 in Fighting
  4424 | D:5      | Reached **** piety under Trog
  4784 | D:5      | Found a sparkling altar of Nemelex Xobeh.
  5052 | D:6      | Reached XP level 8. HP: 33/69 MP: 7/7
  5117 | D:6      | HP: 2/70 [orc/+0 war axe (4)]
  5117 | D:6      | Slain by an orc priest

Levels and vault maps discovered:
D:1:      ldierk_walled_garden, layout_loops_corners, minmay_shallow_snake_nest
D:2:      layout_loops_cross, lemuel_coloured_pillars_altar,
          grunt_temple_overflow_diamond, kennysheep_nub,
          minmay_misc_feat_encased, uniq_natasha
D:3:      layout_basic, old_standard_altar, lemuel_blue_sif_altar,
          elyvilon_altar_5, first_ration, okawaru_ov_weapons_minmay,
          uniq_crazy_yiuf_cottage
D:4:      layout_basic, minmay_temple_entry_wispy, serial_shops,
          nicolae_shop_behind_doors, uniq_blork_the_orc, uniq_robin
D:5:      layout_loops_cross, nemelex_xobeh_ov_fountains_minmay
D:6:      layout_layer_cave, gup_sewer_entry_glass, minmay_diced_spiral

Skill      XL: |  1  2  3  4  5  6  7  8 |
---------------+-------------------------+-----
Maces & Flails | 4 5 6 7 |  7.4
Armour         | 3 4 5 6 7 |  7.0
Fighting       | 4 5 |  5.7
Shields        | 1 2 3 4 |  4.1
Dodging        | 3 4 |  4.6

Action                   |  1- 3 |  4- 6 |  7- 9 || total
-------------------------+-------+-------+-------++-------
Melee: Mace              |    83 |   127 |   138 ||   348
       Headbutt          |    11 |    18 |    28 ||    57
Invok: Berserk           |     1 |     3 |       ||     4
       Trog's Hand       |       |     1 |       ||     1
  Use: Potion            |       |       |     5 ||     5
 Stab: Sleeping          |     2 |       |       ||     2
  Eat: Chunk             |     2 |    11 |     5 ||    18
Armor: Animal skin       |    15 |       |       ||    15
       Scale mail        |    15 |    53 |    75 ||   143
Dodge: Dodged            |    50 |    79 |    90 ||   219
Block: Buckler           |     4 |    30 |    35 ||    69

Table legend:
 A = Non-vault XP
 B = Vault XP
 C = Vault XP percentage of total XP
 D = Non-vault monster count
 E = Vault monster count
 F = Vault count percentage of total count
                 A         B        C        D         E       F
            +---------+---------+-------+---------+---------+-------
      Total |    1668 |     170 |   9.2 |     120 |      16 |  11.8
            +---------+---------+-------+---------+---------+-------
        D:1 |      49 |       2 |   3.9 |      30 |       2 |   6.2
        D:2 |     135 |      37 |  21.5 |      18 |       1 |   5.3
        D:3 |     134 |       0 |   0.0 |      22 |       0 |   0.0
        D:4 |     403 |     129 |  24.2 |      13 |      12 |  48.0
        D:5 |     460 |       0 |   0.0 |      26 |       0 |   0.0
        D:6 |     487 |       2 |   0.4 |      11 |       1 |   8.3
            +---------+---------+-------+---------+---------+-------
